Coyotes vs Blues
(R1)
Created - 28 mai 2013 at 19:05
Goals
|
| Coyotes |
0 |
0 |
1 |
1 |
| Blues |
1 |
0 |
1 |
2 |
|
Shots
|
| Coyotes |
12 |
9 |
9 |
30 |
| Blues |
10 |
6 |
10 |
26 |
|
1st period
1. Blues , Matthew Lombardi 2 (Blake Wheeler, Ryan Malone) at 8:24
Penalties :
François Beauchemin (STL) for Holding (Minor) at 8:35, Ryan Malone (STL) for Hooking (Minor) at 12:45
2nd period
No Goal
Penalties :
Todd Marchant (Pho) for Hooking (Minor) at 3:57, Frans Nielsen (Pho) for Delaying the game (Minor) at 12:15, Bill Guerin (Pho) for Roughing (Minor) at 17:52
3rd period
2. Coyotes , Brenden Morrow 3 (Tim Connolly, Tom Poti) at 3:39 (PP)
3. Blues , Jamie Langenbrunner 2 (Paul Kariya, Travis Zajac) at 16:38
Penalties :
Brian Lee (STL) for Hooking (Minor) at 3:29, Tom Poti (Pho) for Tripping (Minor) at 4:38, Riley Cote (Pho) for Slashing (Minor) at 7:28, Ryan Malone (STL) for Hooking (Minor) at 8:30, Ryan Malone (STL) for Hooking (Minor) at 13:28, Brian Pothier (Pho) for Roughing (Minor) at 13:28, Paul Kariya (STL) for Hooking (Minor) at 13:57, Denis Grebeshkov (Pho) for Hooking (Minor) at 13:57, Tom Poti (Pho) for Holding (Minor) at 19:18
Goalie Stats
Ryan Miller (Pho), 24 saves from 26 shots - (0,923), L, 2-4-0, 59:42 minutes
Tuukka Rask (STL), 29 saves from 30 shots - (0,967), W, 1-0-0, 60:00 minutes
Players Stats for Coyotes
Player Name G A P +/- PIM S H SB GA TA FO MP PP MP PK MP
------------------------------------------------------------------------------------
Bill Guerin 0 0 0 -1 2 2 0 1 0 0 0/1 14:26 2:15 0:00
Brenden Morrow 1 0 1 -1 0 5 1 0 0 0 1/2 21:01 2:36 1:25
Brian Pothier 0 0 0 -2 2 1 1 1 0 1 0/0 22:08 2:09 4:41
Chad Larose 0 0 0 0 0 2 0 0 0 0 5/10 14:42 0:19 5:35
Craig Adams 0 0 0 0 0 3 0 0 0 0 1/2 10:16 0:00 3:07
Denis Grebeshkov 0 0 0 0 2 1 1 3 0 0 0/0 23:15 3:01 0:54
Drew Miller 0 0 0 0 0 3 2 0 0 0 0/0 14:42 0:00 5:38
Frans Nielsen 0 0 0 -1 2 0 4 0 0 1 8/19 14:08 1:54 0:30
Jiri Fischer 0 0 0 0 0 0 1 0 0 0 0/0 14:10 0:00 3:16
Kurt Sauer 0 0 0 -2 0 1 0 6 2 1 0/0 22:13 0:40 6:25
Lukas Krajicek 0 0 0 0 0 0 0 0 0 0 0/0 11:03 1:29 0:16
Marian Gaborik 0 0 0 -1 0 3 3 0 1 0 4/6 19:35 2:36 0:00
Maxim Lapierre 0 0 0 0 0 0 1 1 0 0 2/6 9:01 0:00 0:27
Riley Cote 0 0 0 0 2 3 2 0 0 0 0/0 9:45 0:40 2:27
Sergei Samsonov 0 0 0 -1 0 2 2 0 1 0 0/0 13:35 1:54 0:09
Tim Connolly 0 1 1 -1 0 3 1 0 1 0 6/16 18:39 3:16 0:00
Todd Marchant 0 0 0 0 2 0 0 0 0 0 2/4 6:43 0:00 0:00
Tom Poti 0 1 1 0 4 1 3 4 1 1 0/0 27:33 3:01 3:46
Players Stats for Blues
Player Name G A P +/- PIM S H SB GA TA FO MP PP MP PK MP
------------------------------------------------------------------------------------
Blake Wheeler 0 1 1 1 0 2 0 1 0 0 0/0 11:42 0:56 0:00
Brent Burns 0 0 0 2 0 1 0 3 0 0 0/0 23:54 5:34 3:08
Brian Lee 0 0 0 0 2 2 1 0 0 0 0/0 11:28 1:07 0:00
Bryce Lampman 0 0 0 0 0 1 3 1 1 1 0/0 24:33 3:38 2:20
Dan Boyle 0 0 0 0 0 1 1 2 0 0 0/0 26:05 4:54 0:37
Darcy Hordichuk 0 0 0 0 0 0 3 0 0 0 0/0 14:36 0:32 2:45
Drew Fata 0 0 0 0 0 0 0 1 0 0 0/0 13:28 0:00 2:41
Éric Belanger 0 0 0 0 0 0 3 0 0 0 1/3 8:30 1:05 0:00
François Beauchemin 0 0 0 2 2 1 1 0 0 0 0/0 20:35 4:05 1:34
Jamie Langenbrunner 1 0 1 1 0 2 2 0 1 1 1/1 19:49 3:22 2:00
Matthew Lombardi 1 0 1 1 0 1 0 0 0 1 3/6 9:47 0:12 0:00
Maxim Afinogenov 0 0 0 0 0 3 2 0 1 0 2/2 18:22 5:18 0:00
Nik Antropov 0 0 0 0 0 1 0 0 0 0 13/23 18:32 5:18 2:00
Paul Kariya 0 1 1 1 2 3 4 0 0 1 6/9 23:00 4:13 2:45
Ryan Malone 0 1 1 1 6 1 0 0 1 1 0/0 13:53 3:58 0:00
Travis Zajac 0 1 1 1 0 6 4 1 0 0 11/22 17:29 3:22 0:00
Vaclav Varada 0 0 0 0 0 1 1 0 0 1 0/0 8:32 0:40 0:25
Ville Peltonen 0 0 0 0 0 0 2 0 0 0 0/0 7:05 0:00 0:25
3 Stars
1 - Tuukka Rask (STL)
2 - Jamie Langenbrunner (STL)
3 - Travis Zajac (STL)
Power Play
Coyotes - 1 on 4 Attempt(s) - 25,00%
Blues - 0 on 6 Attempt(s) - 0,00%
Penalty Kill
Coyotes - 6 on 6 Attempt(s) - 100,00%
- Score 0 goal in Penalty Kill
Blues - 3 on 4 Attempt(s) - 75,00%
- Score 0 goal in Penalty Kill
Official
Referees : StLaurent Francois and Walsh Ian
Linesman : Dan Schachte and Brad Kovachik
Game Notes
No Game Note
Finance
Level 1 -- Attendance: 5478 (91,30%) -- Ticket Income 531 366 $
Level 2 -- Attendance: 4157 (83,14%) -- Ticket Income 236 949 $
Level 3 -- Attendance: 1801 (90,05%) -- Ticket Income 59 433 $
Level 4 -- Attendance: 3229 (80,73%) -- Ticket Income 71 038 $
Luxury Box -- Attendance: 882 (88,20%) -- Ticket Income 176 400 $
Game was played at the Scotttrade center
Total Attendance: 15547 (86,37%)
Total Ticket Income: 1 075 186 $
Other Income: 53 759 $
Total Income: 1 128 945 $
Coyotes
5 vs 5 Forward
Center Left Wing Right Wing Time % Phy DF OF
1 Tim Connolly Brenden Morrow Marian Gaborik 40 1 2 2
2 Frans Nielsen Sergei Samsonov Bill Guerin 30 1 2 2
3 Maxim Lapierre Drew Miller Chad Larose 20 1 2 2
4 Todd Marchant Riley Cote Craig Adams 10 1 2 2
5 vs 5 Defense
Defense Defense Time % Phy DF OF
1 Tom Poti Denis Grebeshkov 40 1 2 2
2 Brian Pothier Kurt Sauer 30 1 2 2
3 Jiri Fischer Lukas Krajicek 20 1 2 2
4 Tom Poti Denis Grebeshkov 10 1 2 2
PowerPlay Forward
Center Left Wing Right Wing Time % Phy DF OF
1 Tim Connolly Brenden Morrow Marian Gaborik 60 1 2 2
2 Frans Nielsen Sergei Samsonov Bill Guerin 40 1 2 2
PowerPlay Defense
Defense Defense Time % Phy DF OF
1 Tom Poti Denis Grebeshkov 60 1 2 2
2 Brian Pothier Lukas Krajicek 40 1 2 2
Penalty Kill 4 Players Forward
Center Wing Time % Phy DF OF
1 Chad Larose Drew Miller 60 1 2 2
2 Craig Adams Riley Cote 40 1 2 2
Penalty Kill 4 Players Defense
Defense Defense Time % Phy DF OF
1 Tom Poti Kurt Sauer 60 1 2 2
2 Brian Pothier Jiri Fischer 40 1 2 2
Penalty Kill - 3 Players Forward
Forward Time % Phy DF OF
1 Drew Miller 60 1 2 2
2 Chad Larose 40 1 2 2
Penalty Kill - 3 Players Defense
Defense Defense Time % Phy DF OF
1 Tom Poti Kurt Sauer 60 1 2 2
2 Brian Pothier Jiri Fischer 40 1 2 2
4 vs 4 Forward
Center Wing Time % Phy DF OF
1 Marian Gaborik Brenden Morrow 60 1 2 2
2 Tim Connolly Bill Guerin 40 1 2 2
4 vs 4 Defense
Defense Defense Time % Phy DF OF
1 Tom Poti Denis Grebeshkov 60 1 2 2
2 Brian Pothier Kurt Sauer 40 1 2 2
Last Minutes Offensive
Center Left Wing Right Wing Defense Defense
Tim Connolly Brenden Morrow Marian Gaborik Tom Poti Denis Grebeshkov
Last Minutes Defensive
Center Left Wing Right Wing Defense Defense
Tim Connolly Brenden Morrow Marian Gaborik Tom Poti Kurt Sauer
Goaltenders
Starting : Ryan Miller
Backup : Peter Budaj
Extra Forwards
Normal : Chad Larose, Drew Miller, Craig Adams - PP : Chad Larose, Drew Miller - PK : Craig Adams
Extra Defensemen
Normal : Jiri Fischer, Brian Pothier, Denis Grebeshkov - PP : Jiri Fischer - PK : Brian Pothier, Denis Grebeshkov
Penalty Shots
Marian Gaborik, Sergei Samsonov, Brenden Morrow, Bill Guerin, Tim Connolly
Blues
5 vs 5 Forward
Center Left Wing Right Wing Time % Phy DF OF
1 Travis Zajac Paul Kariya Jamie Langenbrunner 40 1 2 2
2 Nik Antropov Darcy Hordichuk Maxim Afinogenov 30 1 2 2
3 Matthew Lombardi Ryan Malone Blake Wheeler 20 1 2 2
4 Éric Belanger Ville Peltonen Vaclav Varada 10 1 2 2
5 vs 5 Defense
Defense Defense Time % Phy DF OF
1 Dan Boyle Bryce Lampman 40 1 2 2
2 François Beauchemin Brent Burns 30 1 2 2
3 Brian Lee Drew Fata 20 1 2 2
4 Brent Burns Dan Boyle 10 1 2 2
PowerPlay Forward
Center Left Wing Right Wing Time % Phy DF OF
1 Nik Antropov Paul Kariya Maxim Afinogenov 60 1 2 2
2 Travis Zajac Ryan Malone Jamie Langenbrunner 40 1 2 2
PowerPlay Defense
Defense Defense Time % Phy DF OF
1 Dan Boyle Brent Burns 60 1 2 2
2 François Beauchemin Bryce Lampman 40 1 2 2
Penalty Kill 4 Players Forward
Center Wing Time % Phy DF OF
1 Paul Kariya Darcy Hordichuk 60 1 2 2
2 Nik Antropov Jamie Langenbrunner 40 1 2 2
Penalty Kill 4 Players Defense
Defense Defense Time % Phy DF OF
1 Brent Burns François Beauchemin 60 1 2 2
2 Bryce Lampman Drew Fata 40 1 2 2
Penalty Kill - 3 Players Forward
Forward Time % Phy DF OF
1 Paul Kariya 60 1 2 2
2 Éric Belanger 40 1 2 2
Penalty Kill - 3 Players Defense
Defense Defense Time % Phy DF OF
1 Drew Fata François Beauchemin 60 1 2 2
2 Dan Boyle Bryce Lampman 40 1 2 2
4 vs 4 Forward
Center Wing Time % Phy DF OF
1 Paul Kariya Maxim Afinogenov 60 1 2 2
2 Nik Antropov Jamie Langenbrunner 40 1 2 2
4 vs 4 Defense
Defense Defense Time % Phy DF OF
1 Dan Boyle François Beauchemin 60 1 2 2
2 Brent Burns Bryce Lampman 40 1 2 2
Last Minutes Offensive
Center Left Wing Right Wing Defense Defense
Travis Zajac Paul Kariya Maxim Afinogenov Dan Boyle Brent Burns
Last Minutes Defensive
Center Left Wing Right Wing Defense Defense
Nik Antropov Paul Kariya Maxim Afinogenov Bryce Lampman François Beauchemin
Goaltenders
Starting : Tuukka Rask
Backup : Tim Thomas
Extra Forwards
Normal : Éric Belanger, Blake Wheeler, Vaclav Varada - PP : Éric Belanger, Blake Wheeler - PK : Vaclav Varada
Extra Defensemen
Normal : François Beauchemin, Drew Fata, Dan Boyle - PP : Brian Lee - PK : Drew Fata, Dan Boyle
Penalty Shots
Paul Kariya, Maxim Afinogenov, Nik Antropov, Jamie Langenbrunner, Travis Zajac
% Time on Ice - Coyotes
Lines # - Real PCT - Wanted PCT - Time Play
Normal Forward
1 - 36% - 40% - 14:54
2 - 28% - 30% - 11:27
3 - 20% - 20% - 8:23
4 - 16% - 10% - 6:39
Normal Defense
1 - 41% - 40% - 17:05
2 - 34% - 30% - 14:04
3 - 22% - 20% - 9:08
4 - 3% - 10% - 1:06
PP Forward
1 - 50% - 60% - 2:36
2 - 50% - 40% - 2:34
PP Defense
1 - 58% - 60% - 3:01
2 - 42% - 40% - 2:09
PK Forward
1 - 76% - 60% - 7:21
2 - 24% - 40% - 2:18
PK Defense
1 - 66% - 60% - 6:23
2 - 34% - 40% - 3:16
PK3 Forward
1 - 0% - 60%
2 - 0% - 40%
PK3 Defense
1 - 0% - 60%
2 - 0% - 40%
44 Forward
1 - 79% - 60% - 2:42
2 - 21% - 40% - 0:43
44 Defense
1 - 70% - 60% - 2:24
2 - 30% - 40% - 1:01
Last Minute Offensive - 0:23
Last Minute Defensive - 0:00
Total
Forward - 60:00
Defense - 60:00
|
% Time on Ice - Blues
Lines # - Real PCT - Wanted PCT - Time Play
Normal Forward
1 - 36% - 40% - 14:47
2 - 26% - 30% - 10:37
3 - 23% - 20% - 9:22
4 - 16% - 10% - 6:36
Normal Defense
1 - 41% - 40% - 17:03
2 - 28% - 30% - 11:44
3 - 26% - 20% - 10:37
4 - 5% - 10% - 1:58
PP Forward
1 - 59% - 60% - 5:40
2 - 41% - 40% - 3:59
PP Defense
1 - 58% - 60% - 5:34
2 - 42% - 40% - 4:05
PK Forward
1 - 61% - 60% - 3:10
2 - 39% - 40% - 2:00
PK Defense
1 - 55% - 60% - 2:50
2 - 45% - 40% - 2:20
PK3 Forward
1 - 0% - 60%
2 - 0% - 40%
PK3 Defense
1 - 0% - 60%
2 - 0% - 40%
44 Forward
1 - 93% - 60% - 3:10
2 - 7% - 40% - 0:15
44 Defense
1 - 59% - 60% - 2:00
2 - 41% - 40% - 1:25
Last Minute Offensive - 0:00
Last Minute Defensive - 0:24
Total
Forward - 60:00
Defense - 60:00
|
Play by Play
1st period
0:01 of 1st period - Travis Zajac wins face-off versus Tim Connolly in neutral zone.
0:04 of 1st period - Tim Connolly is hit by Bryce Lampman and loses puck.
0:09 of 1st period - Snap shot by Jamie Langenbrunner.
0:09 of 1st period - Stopped by Ryan Miller with a rebound.
0:11 of 1st period - Snap shot by Paul Kariya.
0:11 of 1st period - Shot Misses the Net.
0:13 of 1st period - Wrist shot by Travis Zajac.
0:13 of 1st period - Stopped by Ryan Miller without a rebound.
0:14 of 1st period - Nik Antropov wins face-off versus Frans Nielsen in Coyotes zone.
1:22 of 1st period - Snap shot by Paul Kariya.
1:22 of 1st period - Stopped by Ryan Miller without a rebound.
1:23 of 1st period - Todd Marchant wins face-off versus Travis Zajac in Coyotes zone.
1:48 of 1st period - Denis Grebeshkov is hit by Darcy Hordichuk and loses puck.
1:57 of 1st period - Slapshot by Maxim Afinogenov.
1:57 of 1st period - Shot Misses the Net.
1:59 of 1st period - Slapshot by Brent Burns.
1:59 of 1st period - Shot Blocked by Tom Poti.
3:11 of 1st period - Icing by Craig Adams.
3:12 of 1st period - Nik Antropov wins face-off versus Frans Nielsen in Coyotes zone.
4:01 of 1st period - Wrist shot by Chad Larose.
4:01 of 1st period - Stopped by Tuukka Rask with a rebound.
4:03 of 1st period - Slapshot by Lukas Krajicek.
4:03 of 1st period - Deflect By Chad Larose.
4:03 of 1st period - Stopped by Tuukka Rask without a rebound.
4:04 of 1st period - Marian Gaborik wins face-off versus Nik Antropov in Blues zone.
4:29 of 1st period - Paul Kariya is hit by Sergei Samsonov and loses puck.
4:36 of 1st period - Snap shot by Bill Guerin.
4:36 of 1st period - Stopped by Tuukka Rask without a rebound.
4:37 of 1st period - Travis Zajac wins face-off versus Frans Nielsen in Blues zone.
4:42 of 1st period - Sergei Samsonov is hit by Paul Kariya and loses puck.
4:47 of 1st period - Snap shot by Paul Kariya.
4:47 of 1st period - Stopped by Ryan Miller with a rebound.
4:49 of 1st period - Snap shot by Travis Zajac.
4:49 of 1st period - Shot Misses the Net.
4:51 of 1st period - Slapshot by Jamie Langenbrunner.
4:51 of 1st period - Shot Blocked by Denis Grebeshkov.
4:53 of 1st period - Wrist shot by Paul Kariya.
4:53 of 1st period - Shot Blocked by Bill Guerin.
5:09 of 1st period - Slapshot by Blake Wheeler.
5:09 of 1st period - Shot Blocked by Tom Poti.
5:11 of 1st period - Snap shot by Ryan Malone.
5:11 of 1st period - Shot Misses the Net.
5:13 of 1st period - Slapshot by Drew Fata.
5:13 of 1st period - Shot Blocked by Denis Grebeshkov.
5:43 of 1st period - Riley Cote is hit by Ville Peltonen and loses puck.
6:03 of 1st period - Off-side.
6:04 of 1st period - Frans Nielsen wins face-off versus Travis Zajac in neutral zone.
6:29 of 1st period - Darcy Hordichuk is hit by Marian Gaborik and loses puck.
6:39 of 1st period - Slapshot by Bryce Lampman.
6:39 of 1st period - Stopped by Ryan Miller with a rebound.
6:51 of 1st period - Wrist shot by Drew Miller.
6:51 of 1st period - Deflect By Maxim Lapierre.
6:51 of 1st period - Shot Blocked by Brent Burns.
6:51 of 1st period - Puck is out of play.
6:52 of 1st period - Maxim Lapierre wins face-off versus Matthew Lombardi in Blues zone.
7:03 of 1st period - Snap shot by Drew Miller.
7:03 of 1st period - Shot Blocked by Blake Wheeler.
7:05 of 1st period - Slapshot by Drew Miller.
7:05 of 1st period - Stopped by Tuukka Rask with a rebound.
7:07 of 1st period - Snap shot by Chad Larose.
7:07 of 1st period - Shot Misses the Net.
7:19 of 1st period - Marian Gaborik is hit by Jamie Langenbrunner and loses puck.
8:24 of 1st period - Snap shot by Matthew Lombardi.
8:24 of 1st period - Goal by Matthew Lombardi - Coyotes : 0 - Blues : 1.
8:25 of 1st period - Tim Connolly wins face-off versus Travis Zajac in neutral zone.
8:30 of 1st period - Slapshot by Brenden Morrow.
8:30 of 1st period - Stopped by Tuukka Rask with a rebound.
8:32 of 1st period - Slapshot by Denis Grebeshkov.
8:32 of 1st period - Deflect By Marian Gaborik.
8:32 of 1st period - Stopped by Tuukka Rask with a rebound.
8:34 of 1st period - Slapshot by Tim Connolly.
8:34 of 1st period - Stopped by Tuukka Rask with a rebound.
8:35 of 1st period - Minor Penalty to François Beauchemin for Holding.
8:36 of 1st period - Marian Gaborik wins face-off versus Paul Kariya in Blues zone.
8:39 of 1st period - Wrist shot by Marian Gaborik.
8:39 of 1st period - Shot Hit the Post.
8:41 of 1st period - Slapshot by Tim Connolly.
8:41 of 1st period - Stopped by Tuukka Rask with a rebound.
8:43 of 1st period - Wrist shot by Marian Gaborik.
8:43 of 1st period - Stopped by Tuukka Rask with a rebound.
8:45 of 1st period - Slapshot by Tom Poti.
8:45 of 1st period - Stopped by Tuukka Rask without a rebound.
8:46 of 1st period - Paul Kariya wins face-off versus Tim Connolly in Blues zone.
8:57 of 1st period - Darcy Hordichuk is hit by Tim Connolly and loses puck.
9:23 of 1st period - Slapshot by Brenden Morrow.
9:23 of 1st period - Deflect By Tim Connolly.
9:23 of 1st period - Shot Misses the Net.
9:23 of 1st period - Puck is out of play.
9:24 of 1st period - Nik Antropov wins face-off versus Bill Guerin in Blues zone.
10:35 of 1st period - Penalty to François Beauchemin is over, François Beauchemin is back on ice.
11:40 of 1st period - Brian Pothier is hit by Darcy Hordichuk and loses puck.
11:55 of 1st period - Slapshot by Matthew Lombardi.
11:55 of 1st period - Shot Misses the Net.
11:57 of 1st period - Snap shot by Blake Wheeler.
11:57 of 1st period - Stopped by Ryan Miller without a rebound.
11:58 of 1st period - Travis Zajac wins face-off versus Todd Marchant in Coyotes zone.
12:01 of 1st period - Snap shot by Travis Zajac.
12:01 of 1st period - Stopped by Ryan Miller with a rebound.
12:23 of 1st period - Wrist shot by Drew Miller.
12:23 of 1st period - Stopped by Tuukka Rask without a rebound.
12:24 of 1st period - Matthew Lombardi wins face-off versus Maxim Lapierre in Blues zone.
12:45 of 1st period - Minor Penalty to Ryan Malone for Hooking.
12:46 of 1st period - Paul Kariya wins face-off versus Tim Connolly in Blues zone.
13:19 of 1st period - Nik Antropov is hit by Tom Poti and loses puck.
13:34 of 1st period - Brian Pothier is hit by Paul Kariya and loses puck.
13:53 of 1st period - Brent Burns is hit by Sergei Samsonov.
14:45 of 1st period - Penalty to Ryan Malone is over, Ryan Malone is back on ice.
14:54 of 1st period - Snap shot by Brent Burns.
14:54 of 1st period - Stopped by Ryan Miller with a rebound.
15:59 of 1st period - Bryce Lampman is hit by Frans Nielsen and loses puck.
16:44 of 1st period - Todd Marchant is hit by Ville Peltonen and loses puck.
16:51 of 1st period - Todd Marchant is hit by Vaclav Varada.
17:10 of 1st period - Lukas Krajicek is hit by Travis Zajac and loses puck.
17:30 of 1st period - Matthew Lombardi is hit by Tom Poti and loses puck.
17:50 of 1st period - Darcy Hordichuk is hit by Brenden Morrow and loses puck.
18:07 of 1st period - Brian Lee is hit by Frans Nielsen.
18:13 of 1st period - Slapshot by Vaclav Varada.
18:13 of 1st period - Stopped by Ryan Miller without a rebound.
18:14 of 1st period - Travis Zajac wins face-off versus Frans Nielsen in Coyotes zone.
18:31 of 1st period - Brent Burns is hit by Frans Nielsen and loses puck.
18:50 of 1st period - Darcy Hordichuk is hit by Marian Gaborik.
19:20 of 1st period - Ryan Malone is hit by Jiri Fischer and loses puck.
19:33 of 1st period - Wrist shot by Craig Adams.
19:33 of 1st period - Stopped by Tuukka Rask without a rebound.
19:34 of 1st period - Éric Belanger wins face-off versus Craig Adams in Blues zone.
19:39 of 1st period - Slapshot by Dan Boyle.
19:39 of 1st period - Deflect By Éric Belanger.
19:39 of 1st period - Shot Misses the Net.
19:39 of 1st period - Puck is out of play.
19:40 of 1st period - Travis Zajac wins face-off versus Tim Connolly in Coyotes zone.
2nd period
0:01 of 2nd period - Travis Zajac wins face-off versus Tim Connolly in neutral zone.
0:09 of 2nd period - Off-side.
0:10 of 2nd period - Jamie Langenbrunner wins face-off versus Tim Connolly in neutral zone.
0:40 of 2nd period - Snap shot by Tim Connolly.
0:40 of 2nd period - Shot Misses the Net.
1:49 of 2nd period - Snap shot by Paul Kariya.
1:49 of 2nd period - Shot Blocked by Tom Poti.
1:59 of 2nd period - Paul Kariya is hit by Marian Gaborik and loses puck.
2:13 of 2nd period - Slapshot by Brenden Morrow.
2:13 of 2nd period - Shot Misses the Net.
2:39 of 2nd period - Wrist shot by Paul Kariya.
2:39 of 2nd period - Shot Misses the Net.
3:02 of 2nd period - Slapshot by Marian Gaborik.
3:02 of 2nd period - Shot Misses the Net.
3:04 of 2nd period - Wrist shot by Brenden Morrow.
3:04 of 2nd period - Stopped by Tuukka Rask without a rebound.
3:05 of 2nd period - Frans Nielsen wins face-off versus Nik Antropov in Blues zone.
3:06 of 2nd period - Snap shot by Bill Guerin.
3:06 of 2nd period - Stopped by Tuukka Rask without a rebound.
3:07 of 2nd period - Frans Nielsen wins face-off versus Nik Antropov in Blues zone.
3:14 of 2nd period - Snap shot by Frans Nielsen.
3:14 of 2nd period - Shot Misses the Net.
3:22 of 2nd period - Wrist shot by Maxim Afinogenov.
3:22 of 2nd period - Shot Blocked by Kurt Sauer.
3:57 of 2nd period - Minor Penalty to Todd Marchant for Hooking.
3:58 of 2nd period - Nik Antropov wins face-off versus Chad Larose in Coyotes zone.
3:59 of 2nd period - Slapshot by Maxim Afinogenov.
3:59 of 2nd period - Stopped by Ryan Miller without a rebound.
4:00 of 2nd period - Chad Larose wins face-off versus Nik Antropov in Coyotes zone.
4:43 of 2nd period - Vaclav Varada is hit by Riley Cote and loses puck.
5:57 of 2nd period - Penalty to Todd Marchant is over, Todd Marchant is back on ice.
8:38 of 2nd period - Snap shot by Sergei Samsonov.
8:38 of 2nd period - Stopped by Tuukka Rask without a rebound.
8:39 of 2nd period - Frans Nielsen wins face-off versus Travis Zajac in Blues zone.
8:40 of 2nd period - Snap shot by Sergei Samsonov.
8:40 of 2nd period - Stopped by Tuukka Rask with a rebound.
9:06 of 2nd period - Brenden Morrow is hit by Éric Belanger and loses puck.
9:45 of 2nd period - Slapshot by Riley Cote.
9:45 of 2nd period - Shot Blocked by Travis Zajac.
9:47 of 2nd period - Wrist shot by Jiri Fischer.
9:47 of 2nd period - Shot Blocked by Brent Burns.
9:49 of 2nd period - Snap shot by Riley Cote.
9:49 of 2nd period - Stopped by Tuukka Rask without a rebound.
9:50 of 2nd period - Nik Antropov wins face-off versus Todd Marchant in Blues zone.
10:03 of 2nd period - Snap shot by Riley Cote.
10:03 of 2nd period - Shot Misses the Net.
10:17 of 2nd period - Paul Kariya is hit by Denis Grebeshkov and loses puck.
10:58 of 2nd period - François Beauchemin is hit by Drew Miller and loses puck.
11:27 of 2nd period - Snap shot by Todd Marchant.
11:27 of 2nd period - Deflect By Riley Cote.
11:27 of 2nd period - Stopped by Tuukka Rask with a rebound.
11:29 of 2nd period - Wrist shot by Todd Marchant.
11:29 of 2nd period - Shot Hit the Post.
11:39 of 2nd period - Denis Grebeshkov is hit by Bryce Lampman and loses puck.
12:10 of 2nd period - Icing by Brent Burns.
12:11 of 2nd period - Nik Antropov wins face-off versus Frans Nielsen in Blues zone.
12:15 of 2nd period - Minor Penalty to Frans Nielsen for Delaying the game.
12:16 of 2nd period - Maxim Afinogenov wins face-off versus Chad Larose in Coyotes zone.
13:47 of 2nd period - Brent Burns is hit by Maxim Lapierre and loses puck.
14:15 of 2nd period - Penalty to Frans Nielsen is over, Frans Nielsen is back on ice.
14:16 of 2nd period - Brian Pothier is hit by Éric Belanger and loses puck.
14:25 of 2nd period - Slapshot by Brian Lee.
14:25 of 2nd period - Stopped by Ryan Miller without a rebound.
14:26 of 2nd period - Frans Nielsen wins face-off versus Éric Belanger in Coyotes zone.
14:31 of 2nd period - Wrist shot by Éric Belanger.
14:31 of 2nd period - Shot Blocked by Tom Poti.
14:37 of 2nd period - Éric Belanger is hit by Tom Poti and loses puck.
14:54 of 2nd period - Wrist shot by Matthew Lombardi.
14:54 of 2nd period - Deflect By Blake Wheeler.
14:54 of 2nd period - Stopped by Ryan Miller without a rebound.
14:55 of 2nd period - Todd Marchant wins face-off versus Matthew Lombardi in Coyotes zone.
15:00 of 2nd period - Slapshot by Dan Boyle.
15:00 of 2nd period - Shot Blocked by Kurt Sauer.
15:14 of 2nd period - Wrist shot by Riley Cote.
15:14 of 2nd period - Shot Misses the Net.
15:16 of 2nd period - Wrist shot by Craig Adams.
15:16 of 2nd period - Shot Blocked by Dan Boyle.
15:18 of 2nd period - Wrist shot by Craig Adams.
15:18 of 2nd period - Stopped by Tuukka Rask without a rebound.
15:19 of 2nd period - Tim Connolly wins face-off versus Travis Zajac in Blues zone.
15:46 of 2nd period - Snap shot by Sergei Samsonov.
15:46 of 2nd period - Shot Misses the Net.
16:55 of 2nd period - Wrist shot by Denis Grebeshkov.
16:55 of 2nd period - Stopped by Tuukka Rask without a rebound.
16:56 of 2nd period - Maxim Afinogenov wins face-off versus Maxim Lapierre in Blues zone.
17:31 of 2nd period - Snap shot by Maxim Afinogenov.
17:31 of 2nd period - Shot Blocked by Kurt Sauer.
17:33 of 2nd period - Snap shot by Maxim Afinogenov.
17:33 of 2nd period - Stopped by Ryan Miller with a rebound.
17:35 of 2nd period - Snap shot by Nik Antropov.
17:35 of 2nd period - Shot Blocked by Brian Pothier.
17:37 of 2nd period - Slapshot by Brian Lee.
17:37 of 2nd period - Stopped by Ryan Miller without a rebound.
17:38 of 2nd period - Paul Kariya wins face-off versus Frans Nielsen in Coyotes zone.
17:45 of 2nd period - Snap shot by Jamie Langenbrunner.
17:45 of 2nd period - Shot Misses the Net.
17:51 of 2nd period - Snap shot by Travis Zajac.
17:51 of 2nd period - Stopped by Ryan Miller with a rebound.
17:52 of 2nd period - Minor Penalty to Bill Guerin for Roughing.
17:53 of 2nd period - Chad Larose wins face-off versus Nik Antropov in Coyotes zone.
18:06 of 2nd period - Tom Poti is hit by Maxim Afinogenov and loses puck.
18:29 of 2nd period - Wrist shot by Riley Cote.
18:29 of 2nd period - Stopped by Tuukka Rask without a rebound.
18:30 of 2nd period - Nik Antropov wins face-off versus Chad Larose in Blues zone.
18:55 of 2nd period - Bryce Lampman is hit by Riley Cote and loses puck.
19:52 of 2nd period - Penalty to Bill Guerin is over, Bill Guerin is back on ice.
3rd period
0:01 of 3rd period - Brenden Morrow wins face-off versus Travis Zajac in neutral zone.
0:30 of 3rd period - François Beauchemin is hit by Frans Nielsen and loses puck.
0:36 of 3rd period - Denis Grebeshkov is hit by Maxim Afinogenov and loses puck.
0:49 of 3rd period - Snap shot by Matthew Lombardi.
0:49 of 3rd period - Deflect By Chad Larose.
0:49 of 3rd period - Shot Blocked by Maxim Lapierre.
0:49 of 3rd period - Puck is out of play.
0:50 of 3rd period - Maxim Lapierre wins face-off versus Matthew Lombardi in Coyotes zone.
0:59 of 3rd period - Snap shot by Drew Miller.
0:59 of 3rd period - Stopped by Tuukka Rask without a rebound.
1:00 of 3rd period - Travis Zajac wins face-off versus Tim Connolly in Blues zone.
1:22 of 3rd period - Icing by Bryce Lampman.
1:23 of 3rd period - Travis Zajac wins face-off versus Frans Nielsen in Blues zone.
1:28 of 3rd period - Snap shot by Nik Antropov.
1:28 of 3rd period - Stopped by Ryan Miller without a rebound.
1:29 of 3rd period - Nik Antropov wins face-off versus Frans Nielsen in Coyotes zone.
1:36 of 3rd period - Slapshot by Maxim Afinogenov.
1:36 of 3rd period - Shot Misses the Net.
1:38 of 3rd period - Slapshot by François Beauchemin.
1:38 of 3rd period - Deflect By Nik Antropov.
1:38 of 3rd period - Shot Misses the Net.
1:38 of 3rd period - Puck is out of play.
1:39 of 3rd period - Travis Zajac wins face-off versus Tim Connolly in Coyotes zone.
1:40 of 3rd period - Slapshot by Paul Kariya.
1:40 of 3rd period - Shot Misses the Net.
1:42 of 3rd period - Snap shot by Paul Kariya.
1:42 of 3rd period - Stopped by Ryan Miller with a rebound.
1:44 of 3rd period - Snap shot by Jamie Langenbrunner.
1:44 of 3rd period - Deflect By Travis Zajac.
1:44 of 3rd period - Stopped by Ryan Miller with a rebound.
1:46 of 3rd period - Slapshot by François Beauchemin.
1:46 of 3rd period - Stopped by Ryan Miller with a rebound.
1:48 of 3rd period - Snap shot by Jamie Langenbrunner.
1:48 of 3rd period - Deflect By Travis Zajac.
1:48 of 3rd period - Stopped by Ryan Miller without a rebound.
1:49 of 3rd period - Travis Zajac wins face-off versus Tim Connolly in Coyotes zone.
2:00 of 3rd period - Wrist shot by Jamie Langenbrunner.
2:00 of 3rd period - Shot Misses the Net.
2:02 of 3rd period - Slapshot by Travis Zajac.
2:02 of 3rd period - Stopped by Ryan Miller without a rebound.
2:03 of 3rd period - Nik Antropov wins face-off versus Frans Nielsen in Coyotes zone.
2:11 of 3rd period - Off-side.
2:12 of 3rd period - Nik Antropov wins face-off versus Frans Nielsen in neutral zone.
2:28 of 3rd period - Snap shot by Sergei Samsonov.
2:28 of 3rd period - Shot Misses the Net.
2:30 of 3rd period - Slapshot by Denis Grebeshkov.
2:30 of 3rd period - Deflect By Sergei Samsonov.
2:30 of 3rd period - Shot Misses the Net.
2:30 of 3rd period - Puck is out of play.
2:31 of 3rd period - Tim Connolly wins face-off versus Travis Zajac in Blues zone.
2:56 of 3rd period - Nik Antropov is hit by Brian Pothier and loses puck.
3:03 of 3rd period - Frans Nielsen is hit by Dan Boyle and loses puck.
3:29 of 3rd period - Minor Penalty to Brian Lee for Hooking.
3:30 of 3rd period - Paul Kariya wins face-off versus Brenden Morrow in Blues zone.
3:39 of 3rd period - Snap shot by Tim Connolly.
3:39 of 3rd period - Deflect By Brenden Morrow.
3:39 of 3rd period - Goal by Brenden Morrow - Coyotes : 1 - Blues : 1.
3:40 of 3rd period - Tim Connolly wins face-off versus Travis Zajac in neutral zone.
3:47 of 3rd period - Wrist shot by Marian Gaborik.
3:47 of 3rd period - Shot Misses the Net.
3:52 of 3rd period - Off-side.
3:53 of 3rd period - Tim Connolly wins face-off versus Travis Zajac in neutral zone.
3:58 of 3rd period - Brenden Morrow is hit by Travis Zajac and loses puck.
4:38 of 3rd period - Minor Penalty to Tom Poti for Tripping.
4:39 of 3rd period - Chad Larose wins face-off versus Nik Antropov in Coyotes zone.
4:49 of 3rd period - Off-side.
4:50 of 3rd period - Chad Larose wins face-off versus Nik Antropov in neutral zone.
4:53 of 3rd period - Slapshot by Kurt Sauer.
4:53 of 3rd period - Deflect By Paul Kariya.
4:53 of 3rd period - Stopped by Tuukka Rask without a rebound.
4:54 of 3rd period - Chad Larose wins face-off versus Nik Antropov in Blues zone.
5:27 of 3rd period - Kurt Sauer is hit by Jamie Langenbrunner and loses puck.
6:13 of 3rd period - Wrist shot by Brian Pothier.
6:13 of 3rd period - Deflect By Craig Adams.
6:13 of 3rd period - Stopped by Tuukka Rask without a rebound.
6:14 of 3rd period - Craig Adams wins face-off versus Travis Zajac in Blues zone.
6:38 of 3rd period - Penalty to Tom Poti is over, Tom Poti is back on ice.
7:28 of 3rd period - Minor Penalty to Riley Cote for Slashing.
7:29 of 3rd period - Nik Antropov wins face-off versus Chad Larose in Coyotes zone.
7:34 of 3rd period - Wrist shot by Nik Antropov.
7:34 of 3rd period - Shot Blocked by Kurt Sauer.
7:54 of 3rd period - Drew Miller is hit by Travis Zajac and loses puck.
8:30 of 3rd period - Minor Penalty to Ryan Malone for Hooking.
8:31 of 3rd period - Marian Gaborik wins face-off versus Paul Kariya in Blues zone.
8:44 of 3rd period - Backhand shot by Dan Boyle.
8:44 of 3rd period - Stopped by Ryan Miller with a rebound.
9:08 of 3rd period - Brenden Morrow is hit by Bryce Lampman and loses puck.
9:21 of 3rd period - Snap shot by Tim Connolly.
9:21 of 3rd period - Shot Misses the Net.
9:28 of 3rd period - Penalty to Riley Cote is over, Riley Cote is back on ice.
9:55 of 3rd period - Slapshot by Bill Guerin.
9:55 of 3rd period - Shot Misses the Net.
10:01 of 3rd period - Slapshot by Tim Connolly.
10:01 of 3rd period - Shot Blocked by Brent Burns.
10:03 of 3rd period - Slapshot by Brian Pothier.
10:03 of 3rd period - Stopped by Tuukka Rask with a rebound.
10:05 of 3rd period - Wrist shot by Riley Cote.
10:05 of 3rd period - Shot Misses the Net.
10:07 of 3rd period - Slapshot by Kurt Sauer.
10:07 of 3rd period - Deflect By Tim Connolly.
10:07 of 3rd period - Stopped by Tuukka Rask without a rebound.
10:08 of 3rd period - Frans Nielsen wins face-off versus Paul Kariya in Blues zone.
10:30 of 3rd period - Penalty to Ryan Malone is over, Ryan Malone is back on ice.
10:45 of 3rd period - Slapshot by Tom Poti.
10:45 of 3rd period - Shot Blocked by Drew Fata.
10:57 of 3rd period - Craig Adams is hit by Brian Lee and loses puck.
11:16 of 3rd period - Snap shot by Maxim Afinogenov.
11:16 of 3rd period - Stopped by Ryan Miller without a rebound.
11:17 of 3rd period - Frans Nielsen wins face-off versus Nik Antropov in Coyotes zone.
11:22 of 3rd period - Snap shot by Frans Nielsen.
11:22 of 3rd period - Shot Misses the Net.
11:47 of 3rd period - Snap shot by Jamie Langenbrunner.
11:47 of 3rd period - Shot Blocked by Denis Grebeshkov.
12:01 of 3rd period - Slapshot by Drew Miller.
12:01 of 3rd period - Shot Misses the Net.
13:06 of 3rd period - Brent Burns is hit by Drew Miller and loses puck.
13:28 of 3rd period - Minor Penalty to Ryan Malone for Hooking.
13:28 of 3rd period - Minor Penalty to Brian Pothier for Roughing.
13:29 of 3rd period - Paul Kariya wins face-off versus Marian Gaborik in neutral zone.
13:36 of 3rd period - Off-side.
13:37 of 3rd period - Paul Kariya wins face-off versus Marian Gaborik in neutral zone.
13:55 of 3rd period - Denis Grebeshkov is hit by Paul Kariya and loses puck.
13:57 of 3rd period - Minor Penalty to Paul Kariya for Hooking.
13:57 of 3rd period - Minor Penalty to Denis Grebeshkov for Hooking.
13:58 of 3rd period - Marian Gaborik wins face-off versus Éric Belanger in Coyotes zone.
14:03 of 3rd period - Wrist shot by Marian Gaborik.
14:03 of 3rd period - Shot Blocked by Dan Boyle.
14:52 of 3rd period - Snap shot by Darcy Hordichuk.
14:52 of 3rd period - Shot Misses the Net.
14:58 of 3rd period - Snap shot by Tim Connolly.
14:58 of 3rd period - Shot Misses the Net.
15:00 of 3rd period - Slapshot by Kurt Sauer.
15:00 of 3rd period - Shot Blocked by Bryce Lampman.
15:28 of 3rd period - Penalty to Ryan Malone is over, Ryan Malone is back on ice.
15:28 of 3rd period - Penalty to Brian Pothier is over, Brian Pothier is back on ice.
15:52 of 3rd period - Drew Miller is hit by François Beauchemin and loses puck.
15:57 of 3rd period - Penalty to Paul Kariya is over, Paul Kariya is back on ice.
15:57 of 3rd period - Penalty to Denis Grebeshkov is over, Denis Grebeshkov is back on ice.
16:15 of 3rd period - Wrist shot by Ryan Malone.
16:15 of 3rd period - Stopped by Ryan Miller without a rebound.
16:16 of 3rd period - Travis Zajac wins face-off versus Frans Nielsen in Coyotes zone.
16:21 of 3rd period - Slapshot by Travis Zajac.
16:21 of 3rd period - Shot Blocked by Kurt Sauer.
16:23 of 3rd period - Snap shot by Travis Zajac.
16:23 of 3rd period - Shot Blocked by Kurt Sauer.
16:25 of 3rd period - Slapshot by Drew Fata.
16:25 of 3rd period - Deflect By Paul Kariya.
16:25 of 3rd period - Shot Misses the Net.
16:25 of 3rd period - Puck is out of play.
16:26 of 3rd period - Frans Nielsen wins face-off versus Travis Zajac in Coyotes zone.
16:38 of 3rd period - Snap shot by Paul Kariya.
16:38 of 3rd period - Deflect By Jamie Langenbrunner.
16:38 of 3rd period - Goal by Jamie Langenbrunner - Coyotes : 1 - Blues : 2.
16:39 of 3rd period - Matthew Lombardi wins face-off versus Maxim Lapierre in neutral zone.
17:06 of 3rd period - Brenden Morrow is hit by Paul Kariya and loses puck.
17:32 of 3rd period - Frans Nielsen is hit by Darcy Hordichuk and loses puck.
17:47 of 3rd period - Craig Adams is hit by Éric Belanger and loses puck.
17:52 of 3rd period - Slapshot by Éric Belanger.
17:52 of 3rd period - Deflect By Vaclav Varada.
17:52 of 3rd period - Shot Misses the Net.
17:52 of 3rd period - Puck is out of play.
17:53 of 3rd period - Matthew Lombardi wins face-off versus Maxim Lapierre in Coyotes zone.
18:18 of 3rd period - Tim Connolly is hit by Travis Zajac and loses puck.
19:01 of 3rd period - Coyotes, Ryan Miller is pulled from the net.
19:05 of 3rd period - Snap shot by Brenden Morrow.
19:05 of 3rd period - Stopped by Tuukka Rask without a rebound.
19:06 of 3rd period - Claude Julien call a timeout for Coyotes.
19:06 of 3rd period - Tim Connolly wins face-off versus Nik Antropov in Blues zone.
19:15 of 3rd period - Backhand shot by Marian Gaborik.
19:15 of 3rd period - Stopped by Tuukka Rask with a rebound.
19:17 of 3rd period - Wrist shot by Tim Connolly.
19:17 of 3rd period - Deflect By Brenden Morrow.
19:17 of 3rd period - Stopped by Tuukka Rask without a rebound.
19:18 of 3rd period - Nik Antropov wins face-off versus Tim Connolly in Blues zone.
19:18 of 3rd period - Minor Penalty to Tom Poti for Holding.
19:19 of 3rd period - Ryan Miller from Coyotes was sent back in the game.
19:19 of 3rd period - Nik Antropov wins face-off versus Chad Larose in Coyotes zone.
Output by the SimonT Hockey Simulator (STHS) for François Prévost -- Original Page W3C XHTML 1.0 Valid